 Dungeon Crawl Stone Soup version 0.26-a0-542-gbaa144ba5c (webtiles) character file.

Game seed: 825389538885188960

123 Aksej the Cutter (level 4, -12/33 HPs)
             Began as a Demonspawn Gladiator on Aug 17, 2020.
             Mangled by an ogre
             ... wielding a +0 giant spiked club
              (23 damage)
             ... on level 4 of the Dungeon.
             The game lasted 00:08:06 (2234 turns).

Aksej the Cutter (Demonspawn Gladiator)             Turns: 2234, Time: 00:08:06

Health: -12/33     AC:  6    Str: 15    XL:     4   Next: 80%
Magic:  4/4        EV: 13    Int:  9    God:
Gold:   175        SH:  0    Dex: 17    Spells: 3/3 levels left

rFire    . . .     SeeInvis .   a - +0 dagger (speed)
rCold    . . .     Faith    .   (no shield)
rNeg     . . .     Spirit   .   b - +1 leather armour
rPois    .         Reflect  .   c - +0 helmet
rElec    .         Harm     .   (no cloak)
rCorr    .                      f - +0 pair of gloves
MR       .....                  (no boots)
Stlth    ++........             (no amulet)
HPRegen  0.11/turn              (no ring)
MPRegen  0.09/turn              (no ring)

@: no status effects
A: thin skeletal structure 1, rot immunity
a: no special abilities


You were on level 4 of the Dungeon.
You visited 1 branch of the dungeon, and saw 4 of its levels.

You collected 175 gold pieces.

Inventory:

Hand Weapons
 a - a +0 dagger of speed (weapon)
 e - a +1 rapier
Missiles
 d - 3 throwing nets
 i - 2 boomerangs (quivered)
Armour
 b - a +1 leather armour (worn)
 c - a +0 helmet (worn)
 f - a +0 pair of gloves (worn)
Jewellery
 j - a +4 ring of protection {unknown}
Potions
 l - 2 potions of stabbing


   Skills:
 + Level 2.2 Fighting
 * Level 3.9 Short Blades
 + Level 2.7 Throwing
 + Level 0.6 Armour
 + Level 3.1 Dodging
 * Level 0.8 Stealth


You had 3 spell levels left.
You didn't know any spells.
Your spell library was empty.

Dungeon Overview and Level Annotations

Branches:
Dungeon (4/15)
 Temple: D:4-7

Altars:
Cheibriados
Trog

Annotations:
D:3 Natasha


Innate Abilities, Weirdness & Mutations

You have a somewhat thin skeletal structure. (Dex +2, Stealth)
You are immune to rotting.


Message History

The ogre is heavily wounded.
The ogre hits you with a +0 giant spiked club.
You barely miss the ogre.
The ogre is heavily wounded.
The giant cockroach misses you.
You hit the ogre but do no damage.
The ogre is heavily wounded.
The ogre closely misses you. The giant cockroach closely misses you.
You aren't carrying any scrolls.
Okay, then.
You hit the ogre but do no damage.
The ogre is heavily wounded.
You hit the ogre.
The ogre is heavily wounded.
The giant cockroach closely misses you.
You hit the ogre but do no damage.
The ogre is heavily wounded.
The ogre hits you with a +0 giant spiked club!!
Ouch! That really hurt!
You die...

###################(#.
#.......##.O..^.......
#.#####.##@########.#.
#.#####.##s#
#....##.##.#
#.##.##.##.###.##.
#.##.##.#.........
#.##.##.#..###.##.
#.##.##...>..s...
#.#..####.####+##
#.#O## #....


You could see an ogre and a giant cockroach.

Vanquished Creatures
  A hound (D:2)
  Natasha (D:3)
  An adder (D:2)
  An ooze (D:1)
  A worm (D:2)
  A dart slug (D:2)
  A leopard gecko (D:2)
  4 bats
  5 giant cockroaches
  6 hobgoblins
  3 jackals (D:1)
  A quokka (D:2)
  2 ball pythons
  A frilled lizard (D:2)
  6 goblins
  7 kobolds
  7 rats
49 creatures vanquished.

Notes
Turn   | Place    | Note
-------+----------+-------------------------------------------
     0 | D:1      | Aksej the Demonspawn Gladiator began the quest for the Orb.
     0 | D:1      | Reached XP level 1. HP: 16/16 MP: 1/1
   134 | D:1      | Found a snail-covered altar of Cheibriados.
   175 | D:1      | Gained mutation: You are immune to rotting. [demonic
                  | ancestry]
   175 | D:1      | Reached XP level 2. HP: 22/22 MP: 2/2
   924 | D:2      | Reached XP level 3. HP: 27/27 MP: 3/3
  1635 | D:2      | Gained mutation: You have a somewhat thin skeletal
                  | structure. (Dex +2, Stealth) [demonic ancestry]
  1635 | D:2      | Reached XP level 4. HP: 23/33 MP: 4/4
  1899 | D:3      | Noticed Natasha
  1903 | D:3      | Found a bloodstained altar of Trog.
  1928 | D:3      | Killed Natasha
  2146 | D:3      | Noticed Natasha
  2174 | D:4      | Noticed an ogre
  2234 | D:4      | Mangled by an ogre

Illustrated notes

Levels and vault maps discovered:
D:1:      erik_arrival_blinker_ship, layout_loops_corners, cheibriados_altar_1
D:2:      layout_basic, minmay_worlds_worst_comb
D:3:      minmay_goblin_kobold_castle, layout_loops_ring,
          overflow_temple_1_default, bloody_trog, item_on_display_a, uniq_purgy,
          uniq_natasha
D:4:      layout_basic, kennysheep_little_box, kennysheep_mini,
          overflow_temple_1_default, minmay_temple_entry_trees, serial_shops,
          shop, ebering_ghost_sewer_d

Skill      XL: |  1  2  3 |
---------------+----------+-----
Short Blades   | 3 |  3.9
Dodging        | 3 |  3.1
Throwing       | 2 |  2.7
Fighting       | |  2.2
Armour         | |  0.6
Stealth        | |  0.8

Action                   |  1- 3 |  4- 6 || total
-------------------------+-------+-------++-------
Melee: Rapier            |    42 |       ||    42
       Dagger            |   108 |    55 ||   163
Throw: Boomerang         |    52 |     3 ||    55
  Use: Scroll            |     7 |     1 ||     8
       Potion            |     2 |     1 ||     3
 Stab: Sleeping          |     1 |     1 ||     2
Armor: Leather armour    |    30 |     9 ||    39
Dodge: Dodged            |    67 |    25 ||    92

Table legend: (Time is in decaauts)
 A = Elapsed time spent in this place.
 B = Non-inter-level travel time spent in this place.
 C = Inter-level travel time spent in this place.
 D = Time resting spent in this place.
 E = Time spent auto-exploring this place.
 F = Levels seen in this place.
 G = Mean time per level.
                   A        B        C        D        E       F      G
               +--------+--------+--------+--------+--------+-----+--------+
         Total |   2171 |   2119 |     52 |    170 |   1564 |   4 |  542.8 |
       Dungeon |   2171 |   2119 |     52 |    170 |   1564 |   4 |  542.8 |
               +--------+--------+--------+--------+--------+-----+--------+

Top non-repeatable levels by time:
     D:2: 999 daAuts
     D:1: 857 daAuts
     D:3: 260 daAuts
     D:4: 54 daAuts
